 Dungeon Crawl Stone Soup version 0.30-a0-793-g160f7cfddd (webtiles) character file.

Game seed: 17509596956399129366

17 porpoise the Sneak (level 2, -3/20 HPs)
             Began as a Gnoll Enchanter on Feb 20, 2023.
             Slain by Jessica
             ... wielding a +0 club
              (4 damage)
             ... on level 2 of the Dungeon.
             The game lasted 00:03:23 (1105 turns).

porpoise the Sneak (Gnoll Enchanter)                Turns: 1105, Time: 00:03:23

Health: -3/20      AC:  3    Str:  7    XL:     2   Next: 62%
Magic:  16/16      EV: 13    Int: 14    God:
Gold:   89         SH:  0    Dex: 12    Spells: 8/10 levels left

rFire   . . .      SeeInvis .    a - +0 dagger (venom)
rCold   . . .      Faith    .    (no shield)
rNeg    . . .      Spirit   .    b - +0 robe
rPois   .          Reflect  .    h - +0 helmet
rElec   .          Harm     .    (no cloak)
rCorr   .          Rampage  .    (no gloves)
Will    .....                    (no boots)
Stlth   +++                      (no amulet)
HPRegen 0.23/turn                l - ring of magical power
MPRegen 0.15/turn                (no ring)

@: no status effects
A: fangs 1, strong nose, distributed training
a: no special abilities


You were on level 2 of the Dungeon.
You visited 1 branch of the dungeon, and saw 2 of its levels.

You collected 89 gold pieces.

Inventory:

Hand Weapons
 a - a +0 dagger of venom (weapon)
 g - a +1 dagger
Armour
 b - a +0 robe (worn)
 h - a +0 helmet (worn)
Jewellery
 l - a ring of magical power (left hand)
Scrolls
 d - a scroll of noise {unknown}
 e - 3 scrolls of identify {unknown}
 f - a scroll of enchant weapon {unknown}
 i - a scroll of amnesia {unknown}
Potions
 c - 2 potions of invisibility
 j - a potion of experience {unknown}
 k - a potion of might {unknown}


   Skills:
 + Level 0.5 Fighting
 + Level 2.5 Short Blades
 + Level 0.5 Long Blades
 + Level 0.5 Axes
 + Level 0.5 Maces & Flails
 + Level 0.5 Polearms
 + Level 0.5 Staves
 + Level 0.5 Ranged Weapons
 + Level 0.5 Throwing
 + Level 0.5 Armour
 + Level 4.5 Dodging
 + Level 5.9 Stealth
 + Level 0.5 Shields
 + Level 0.5 Unarmed Combat
 + Level 4.9 Spellcasting
 + Level 0.3 Conjurations
 + Level 5.3 Hexes
 + Level 0.3 Summonings
 + Level 0.3 Necromancy
 + Level 0.3 Translocations
 + Level 0.3 Transmutations
 + Level 0.3 Fire Magic
 + Level 0.3 Ice Magic
 + Level 0.3 Air Magic
 + Level 0.3 Earth Magic
 + Level 0.3 Poison Magic
 + Level 0.6 Invocations
 + Level 0.5 Evocations


You had 8 spell levels left.
You knew the following spells:

 Your Spells              Type           Power      Damage    Failure   Level
e - Ensorcelled Hibernat  Hex/Ice        22%        N/A       9%          2

Your spell library contained the following spells:

 Spells                   Type           Power      Damage    Failure   Level
 Confusing Touch          Hex            18%        N/A       6%          3
 Tukima's Dance           Hex            18%        N/A       6%          3
 Dazzling Flash           Conj/Hex       22%        N/A       16%         3


Dungeon Overview and Level Annotations

Branches:
Dungeon (2/15)

Altars:

Annotations:
D:2 Jessica


Innate Abilities, Weirdness & Mutations

You have very sharp teeth.
Your uncanny sense of smell can sniff out nearby items.
Your experience applies equally to all skills.


Message History

You see here a frilled lizard corpse.
Things that are here:
a +0 club; a goblin corpse
There is a stone staircase leading down here.
You climb downwards.
There is a stone staircase leading up here.
You enter the shallow water.
Moving in this stuff is going to be slow.
Jessica the Apprentice Sorceress comes into view.
She is wielding a +0 club and carrying a wand of digging (2).
Jessica shouts!
You hear an angry hiss.
No reachable target in view!
A frilled lizard comes into view.
Jessica mumbles some strange words.
Jessica blinks!
Found 7 stones.
The frilled lizard bites you but does no damage.
An endoplasm comes into view.
Jessica points at you and mumbles some strange words.
Pain shoots through your body!
The frilled lizard bites you but does no damage.
The frilled lizard attacks as you move away!
The frilled lizard closely misses you.
Found 12 gold pieces.
Jessica casts a spell at you. Pain shoots through your body!
Ouch! That really hurt!
* * * LOW HITPOINT WARNING * * *
Found a stone staircase leading up.
The endoplasm quivers.
You hit Jessica.
Jessica is moderately wounded.
Jessica closely misses you. The frilled lizard misses you.
You hit Jessica.
Jessica is moderately wounded.
Jessica hits you with a +0 club.
* * * LOW HITPOINT WARNING * * *
The frilled lizard misses you.
You hit Jessica.
Jessica is severely wounded.
The frilled lizard misses you. Jessica hits you with a +0 club.
You die...

##### ###~~~########
##.~≈≈~##.....##
##.~~≈≈~........##
#..~≈≈~~.....(..$#
##.~~≈≈~..l@......#
#..~≈≈~~...J@......
#.~~≈≈~............
##.~≈≈~~............ ##
#..~≈≈~.............
.####.~~≈≈~............<
...##.~≈≈~~...#.........
##....~≈≈~#####.##......
####.~≈≈~#


You could see Jessica, an endoplasm and a frilled lizard.

Vanquished Creatures
  An endoplasm (D:1)
  4 goblins (D:1)
  A hobgoblin (D:1)
  2 kobolds (D:1)
  3 ball pythons (D:1)
  2 bats (D:1)
  A frilled lizard (D:1)
  3 rats (D:1)
17 creatures vanquished.

Notes
Turn   | Place    | Note
-------+----------+-------------------------------------------
     0 | D:1      | porpoise the Gnoll Enchanter began the quest for the Orb.
     0 | D:1      | Reached XP level 1. HP: 13/13 MP: 6/6
   424 | D:1      | Reached XP level 2. HP: 19/19 MP: 7/7
   427 | D:1      | Learned a level 2 spell: Ensorcelled Hibernation
  1094 | D:2      | Noticed Jessica
  1104 | D:2      | HP: 1/20 [Jessica/+0 club (4)]
  1105 | D:2      | Slain by Jessica

Illustrated notes

Levels and vault maps discovered:
D:1:      minmay_arrival_semitransparent, layout_basic, minmay_pentomino_w2
D:2:      wander_river, layout_rooms, uniq_jessica

Action                     || total
---------------------------++-------
  Melee: Dagger            ||    40
         Bite              ||     3
   Cast: Ensorcelled Hiber ||     4
   Stab: Sleeping          ||     5
         Distracted        ||     1
 Armour: Robe              ||     8
  Dodge: Dodged            ||    29

Table legend: (Time is in decaauts)
 A = Elapsed time spent in this place.
 B = Non-inter-level travel time spent in this place.
 C = Inter-level travel time spent in this place.
 D = Time resting spent in this place.
 E = Time spent auto-exploring this place.
 F = Levels seen in this place.
 G = Mean time per level.
                   A        B        C        D        E       F      G
               +--------+--------+--------+--------+--------+-----+--------+
         Total |   1102 |   1028 |     74 |    119 |    754 |   2 |  551.0 |
       Dungeon |   1102 |   1028 |     74 |    119 |    754 |   2 |  551.0 |
               +--------+--------+--------+--------+--------+-----+--------+

Top non-repeatable levels by time:
     D:1: 1051 daAuts
     D:2: 51 daAuts
